Map: Frozen Temple

Players

Kelazhur - Winner!

  • Race: Terran Terran

MajOr (SpeCial)

  • Race: Terran Terran

Event: WCS Copa Intercontinental

VOD

Have the link to the VOD?

Description

Time

  • Played on: Sept. 9, 2016, 4:23 p.m.
  • Length: 13:31

All games in this series

Show
View Real Time Build Order
Export as new Build Order

Kelazhur Terran - Winner!

Build Orders: Reaper Expand, MMM Bio, Banshee Rush 

Get SALT Encoding   

  12  0:00  SCV  
  13  0:12  SCV  
  14  0:17  Supply Depot  
  14  0:25  SCV  
  14  0:28  Refinery  
  15  0:38  SCV  
  16  0:44  Barracks  
  16  0:50  SCV  
  17  1:03  SCV  
  18  1:15  SCV  
  19  1:31  Reaper, Orbital Command  
  20  1:45  Command Center  
  20  1:56  Factory  
  20  2:01  SCV  
  20  2:05  Reaper  
  21  2:14  Supply Depot  
  21  2:19  SCV  
  21  2:20  Refinery  
  22  2:31  SCV  
  23  2:43  SCV, Hellion  
  26  2:45  Reaper  
  26  2:54  Starport  
  26  2:55  SCV  
  25  3:06  Supply Depot  
  25  3:08  SCV  
  26  3:13  Hellion  
  28  3:20  SCV  
  28  3:22  Barracks Tech Lab  
  28  3:24  Orbital Command  
  29  3:36  Factory Tech Lab  
  29  3:38  SCV  
  30  3:44  Cloaking Field  
  30  3:45  Banshee  
  33  3:50  SCV  
  33  3:58  Marine  
  33  4:01  Cyclone  
  38  4:05  SCV  
  38  4:06  SCV  
  38  4:17  SCV  
  38  4:19  SCV  
  40  4:25  Barracks Reactor  
  40  4:28  Banshee  
  40  4:29  SCV  
  44  4:32  SCV, Barracks  
  44  4:41  SCV  
  44  4:44  SCV  
  46  4:46  Supply Depot  
  44  4:53  SCV  
  44  4:56  SCV  
  44  4:59  Siege Tank  
  49  5:05  SCV  
  50  5:07  Marine x2  
  50  5:08  SCV  
  50  5:12  Banshee  
  56  5:17  SCV  
  56  5:20  SCV  
  58  5:25  Marine  
  57  5:29  SCV  
  57  5:30  Barracks Tech Lab  
  57  5:31  Engineering Bay  
  57  5:32  SCV, Engineering Bay  
  57  5:34  Command Center  
  58  5:39  Supply Depot, Marine  
  58  5:42  SCV, Marine  
  60  5:44  SCV  
  62  5:55  Stimpack  
  62  6:00  SCV x2, Siege Tank, Marine  
  62  6:01  Bunker  
  62  6:02  Supply Depot, Marine x2  
  70  6:11  Refinery  
  70  6:12  Supply Depot, Starport Reactor, Refinery  
  70  6:17  SCV x2  
  70  6:18  Marine  
  69  6:23  Marine x2  
  69  6:24  Terran Infantry Weapons Level 1  
  72  6:29  SCV, Supply Depot  
  73  6:36  SCV, Marine  
  75  6:41  Marine  
  75  6:44  Siege Tank, Marine  
  80  6:47  SCV  
  80  6:50  Orbital Command  
  81  6:57  Marine  
  81  6:58  Marine  
  83  7:06  Marine  
  84  7:09  Barracks, Terran Infantry Armor Level 1  
  84  7:10  SCV  
  84  7:11  Armory  
  84  7:12  Barracks  
  84  7:13  Barracks  
  84  7:14  Medivac  
  84  7:15  Marine  
  85  7:16  Marine  
  86  7:24  Marine  
  86  7:25  SCV  
  86  7:26  Siege Tank  
  91  7:32  SCV  
  91  7:33  Marine  
  91  7:34  Supply Depot  
  91  7:37  SCV, Supply Depot  
  94  7:39  Orbital Command  
  85  7:44  Medivac x2  
  85  7:45  Marine  
  85  7:46  Marine  
  85  7:50  Marine  
  92  8:03  Barracks Reactor x2, Marine  
  92  8:04  Barracks Reactor  
  93  8:15  Medivac  
  93  8:16  Marine  
  93  8:17  Marine  
  93  8:18  Barracks Reactor x2  
  97  8:21  Marine  
  97  8:26  Supply Depot  
  97  8:27  Orbital Command  
  98  8:28  Missile Turret  
  98  8:32  Terran Infantry Weapons Level 2  
  98  8:34  Marine  
  98  8:35  Marine  
  98  8:39  Marine  
  101  8:47  Marine x2  
  103  8:52  Marine x2  
  103  8:54  Marine  
  103  8:55  Supply Depot, Combat Shields  
  106  8:56  Marine x3  
  106  8:57  Marine  
  110  9:05  Marine  
  110  9:08  Marine  
  110  9:10  Marine  
  110  9:17  Marine  
  104  9:26  Medivac x2  
  104  9:27  Marine x7  
  104  9:28  Marine  
  116  9:36  SCV x2  
  116  9:37  Orbital Command  
  118  9:41  Terran Infantry Armor Level 2  
  118  9:42  Marine  
  118  9:45  Marine x5  
  119  9:46  Marine x2  
  119  9:48  SCV x2  
  128  10:00  SCV x2  
  128  10:03  Marine  
  128  10:04  Marine x4  
  136  10:07  Marine  
  136  10:08  Marine  
  136  10:09  Viking, Terran Vehicle Weapons Level 1  
  136  10:13  Viking  
  141  10:14  Supply Depot  
  141  10:34  Factory  
  141  10:36  Siege Tank, Marine x4  
  141  10:38  Marine  
  149  10:42  Marine  
  149  10:50  Terran Infantry Weapons Level 3  
  149  10:58  Marine  
  149  11:01  Supply Depot  
  149  11:02  Barracks Reactor  
  149  11:03  Barracks Reactor, Supply Depot, Marine x4  
  153  11:04  Supply Depot  
  153  11:06  Supply Depot  
  153  11:10  Factory  
  153  11:12  Barracks  
  153  11:14  Medivac x2, Barracks  
  153  11:17  Barracks  
  157  11:18  Factory Tech Lab  
  157  11:22  Marine x2  
  157  11:23  Siege Tank  
  162  11:30  Marine x3  
  162  11:31  Refinery x2  
  165  11:34  Supply Depot  
  165  11:39  Marine  
  165  11:40  Marine x3  
  165  11:41  Marine x2  
  171  11:47  Siege Tank  
  171  11:48  Marine x3  
  162  11:55  Siege Tank  
  162  11:57  Marine  
  162  11:58  Marine x6  
  133  12:06  Marine x3  
  131  12:09  Marine  
  131  12:10  Marine  
  131  12:15  Marine  
  130  12:16  Marine x6  
  126  12:24  Marine x3  
  126  12:27  Marine  
  126  12:28  Marine  
  126  12:33  Marine  
Show
View Real Time Build Order
Export as new Build Order

MajOr Terran 

Build Orders: MMM Bio 

Get SALT Encoding   

  12  0:00  SCV  
  13  0:13  SCV  
  14  0:17  Supply Depot  
  14  0:25  SCV  
  15  0:39  SCV  
  15  0:40  Barracks  
  16  0:44  Refinery  
  16  0:51  SCV  
  17  0:59  Barracks  
  17  1:03  SCV  
  18  1:15  SCV  
  19  1:27  Orbital Command  
  19  1:28  Reaper  
  20  1:38  Supply Depot  
  20  1:48  Reaper  
  20  1:53  SCV  
  22  2:06  Reaper  
  23  2:08  SCV  
  24  2:21  SCV, Command Center  
  24  2:23  Marine  
  25  2:36  SCV  
  26  2:38  Marine, Refinery  
  26  2:41  Marine  
  28  2:49  Factory  
  28  2:51  SCV  
  29  2:56  Marine  
  30  2:59  Supply Depot, Marine  
  30  3:04  SCV  
  30  3:17  SCV  
  30  3:20  Marine x2  
  32  3:29  SCV  
  32  3:33  Orbital Command  
  33  3:38  Starport  
  33  3:41  SCV, Factory Tech Lab  
  34  3:53  SCV  
  34  3:56  Marine x2  
  34  4:00  Cyclone  
  34  4:01  SCV  
  41  4:05  SCV  
  42  4:14  SCV, Marine x2  
  44  4:17  SCV  
  44  4:26  SCV, Viking  
  44  4:27  Command Center  
  44  4:31  Supply Depot  
  47  4:37  Barracks Tech Lab, Barracks Reactor  
  47  4:39  Siege Tank  
  47  4:44  SCV x2  
  48  4:56  SCV  
  48  4:57  Marine  
  48  4:58  Stimpack  
  50  5:00  SCV  
  50  5:01  Refinery  
  50  5:03  Refinery  
  50  5:08  SCV, Engineering Bay  
  50  5:10  Viking  
  50  5:12  SCV  
  52  5:15  Marine  
  52  5:16  Marine  
  52  5:17  Marine  
  53  5:23  SCV  
  53  5:24  SCV  
  53  5:28  Siege Tank  
  57  5:32  Marine  
  57  5:34  Marine  
  57  5:35  Missile Turret  
  58  5:38  Missile Turret  
  58  5:41  Marine  
  59  5:43  SCV  
  59  5:44  SCV  
  59  5:55  Orbital Command  
  58  5:57  SCV  
  58  6:01  Marine  
  58  6:03  SCV  
  61  6:07  Terran Infantry Weapons Level 1, Barracks Reactor  
  61  6:17  Medivac  
  62  6:19  SCV, Marine  
  62  6:20  SCV  
  62  6:25  Medivac  
  67  6:26  SCV  
  67  6:32  SCV  
  69  6:34  SCV  
  69  6:37  Marine  
  69  6:38  SCV  
  75  6:40  Siege Tank  
  75  6:44  SCV  
  75  6:46  SCV  
  75  6:48  Marine x2  
  75  6:50  SCV  
  76  6:54  Marine  
  76  6:58  SCV  
  76  7:00  Supply Depot  
  77  7:06  SCV, Orbital Command  
  77  7:07  Combat Shields  
  77  7:08  Marine  
  77  7:11  Barracks x2  
  77  7:21  Medivac, Siege Tank, Marine x2  
  84  7:26  SCV  
  84  7:27  Marine  
  84  7:29  SCV  
  85  7:30  Orbital Command  
  85  7:34  Supply Depot  
  85  7:49  Marine x2  
  85  7:53  Supply Depot  
  85  7:55  Medivac, Marine  
  85  7:56  SCV x2  
  85  7:57  Armory  
  85  7:58  Engineering Bay  
  90  8:02  Barracks Reactor x2  
  87  8:06  SCV  
  87  8:08  SCV x2  
  90  8:13  Medivac, Marine  
  90  8:14  Marine  
  90  8:18  Supply Depot  
  91  8:23  Marine  
  91  8:24  SCV x2  
  91  8:25  Medivac  
  96  8:31  Marine  
  96  8:32  Marine  
  96  8:33  Barracks  
  98  8:40  Marine  
  98  8:41  Marine x4  
  100  8:45  Terran Infantry Weapons Level 2  
  100  8:46  Terran Infantry Armor Level 1  
  100  8:47  SCV  
  103  8:50  SCV x2  
  103  8:53  Marine x2  
  106  8:58  Marine  
  106  9:00  SCV  
  103  9:09  Marine x3  
  99  9:12  Marine  
  89  9:21  Barracks Reactor  
  82  9:25  SCV x2  
  82  9:27  Marine x2  
  82  9:28  Marine x2  
  82  9:29  Marine  
  82  9:31  Medivac x2  
  93  9:39  Marine  
  93  9:45  Marine x2  
  89  9:47  Marine  
  89  9:48  SCV  
  92  9:53  Terran Vehicle Weapons Level 1  
  92  9:55  SCV x2  
  92  9:57  Marine  
  92  9:59  Marine x2  
  97  10:00  SCV, Marine  
  97  10:01  Medivac  
  97  10:05  Siege Tank  
  104  10:07  Marine x2  
  104  10:09  SCV  
  104  10:11  SCV  
  108  10:15  Marine  
  108  10:19  Marine  
  108  10:20  Marine  
  109  10:23  Supply Depot  
  109  10:30  Factory  
  109  10:31  Refinery x2  
  109  10:32  Supply Depot  
  109  10:34  SCV x2, Marine x4  
  115  10:36  Marine  
  115  10:37  Marine  
  117  10:43  Marine  
  117  10:47  Marine x2  
  102  10:52  Marine  
  102  10:53  Siege Tank  
  102  10:55  Marine  
  102  10:56  Marine  
  111  11:00  SCV x2  
  109  11:06  Marine x2  
  109  11:11  Viking x2  
  111  11:12  Terran Infantry Armor Level 2  
  111  11:15  Marine x2, Factory Tech Lab  
  111  11:18  Marine  
  113  11:24  Marine  
  115  11:26  Siege Tank  
  118  11:35  Marine x2  
  118  11:38  Marine x2  
  125  11:41  Viking  
  125  11:45  Marine  
  125  11:50  Marine x2  
  125  11:53  Marine x3  
  125  11:54  Marine  
  126  11:57  Marine  
  86  12:05  Marine x2  
  86  12:07  Siege Tank  
  86  12:08  Marine  
  79  12:11  Marine x2  
Tags
 
Add a new tag
Caveats
  • Supply blocks, unpowered buildings, or Contaminate may cause inaccurate times.
  • Supply counts are checked every 10 seconds.